 Dungeon Crawl Stone Soup version 0.31.0-12-g77e489cdc1 (webtiles) character file.

Game seed: 13696976402074677879

188 Marvel the Chopper (level 5, -7/47 HPs)
             Began as a Hill Orc Fighter on Feb 16, 2024.
             Mangled by Edmund
             ... wielding a +4 dire flail of holy wrath
              (10 damage)
             ... on level 4 of the Dungeon.
             The game lasted 00:03:31 (1657 turns).

Marvel the Chopper (Hill Orc Fighter)               Turns: 1657, Time: 00:03:31

Health: -7/47      AC: 11    Str: 21    XL:     5   Next: 67%
Magic:  5/5        EV:  9    Int:  8    God:
Gold:   18         SH:  4    Dex: 10    Spells: 4/4 levels left

rFire   + . .        a - +0 war axe
rCold   . . .        c - +0 buckler
rNeg    . . .        b - +0 scale mail
rPois   .            j - +1 helmet
rElec   .            s - +1 cloak
rCorr   .            (no gloves)
SInv    +            (no boots)
Will    .....        (no amulet) Stlth
                     k - ring of protection from fire
HPRegen 0.27/turn    q - ring of see invisible
MPRegen 0.09/turn

%: no passive effects
@: mighty
A: no striking features
a: no special abilities


You were on level 4 of the Dungeon.
You visited 1 branch of the dungeon, and saw 4 of its levels.

You collected 213 gold pieces.
You spent 195 gold pieces at shops.

Inventory:

Hand Weapons
 a - a +0 war axe (weapon)
Armour
 b - a +0 scale mail (worn)
 c - a +0 buckler (worn)
 j - a +1 helmet (worn)
 s - a +1 cloak (worn)
Jewellery
 k - a ring of protection from fire (left hand)
 q - a ring of see invisible (right hand)
 t - a ring of fire
Scrolls
 e - 2 scrolls of amnesia {unknown}
 f - 2 scrolls of identify {unknown}
 g - a scroll of blinking {unknown}
 i - 2 scrolls of enchant weapon {unknown}
 l - 2 scrolls of teleportation {unknown}
 m - a scroll of fear {unknown}
 n - a scroll of brand weapon {unknown}
Potions
 h - 2 potions of invisibility {unknown}
 o - a potion of experience {unknown}
 p - a potion of brilliance {unknown}
 u - a potion of heal wounds {unknown}
 v - a potion of attraction {unknown}


   Skills:
 + Level 4.3 Fighting
 + Level 5.3 Axes
 + Level 4.2 Armour
 + Level 0.4 Dodging
 + Level 4.0 Shields


You had 4 spell levels left.
You didn't know any spells.
Your spell library contained the following spells:

 Spells                   Type           Power      Damage    Failure   Level
 Magic Dart               Conj           0%         1d3       80%         1
 Blink                    Tloc           0%         N/A       91%         2
 Call Imp                 Summ           0%         N/A       91%         2
 Lesser Beckoning         Tloc           0%         N/A       91%         2
 Gell's Gravitas          Tloc           0%         N/A       99%         3
 Teleport Other           Tloc           0%         N/A       99%         3


Dungeon Overview and Level Annotations

Branches:
Dungeon (4/15)
 Temple: D:4-7

Altars:
Nemelex Xobeh
Trog
Zin

Shops:
D:1 :   D:4 ?*

Annotations:
D:4 Edmund


Message History

Press: ? - help, Q - select action Shift-Dir - straight line, f/p - ogre
Aim: an ogre, wielding a +0 giant club (poisoned, 71% to hit)
You throw a poisoned dart. The poisoned dart hits the ogre.
You closely miss Edmund.
Edmund hits you with a +4 dire flail of holy wrath.
You slash Edmund!
Edmund is lightly wounded.
You block Edmund's attack.
Edmund hits you with a +4 dire flail of holy wrath!
You slash Edmund!
Edmund is moderately wounded.
Edmund hits you but does no damage.
You hit Edmund.
Edmund is heavily wounded.
Edmund hits you but does no damage.
You barely miss Edmund.
Edmund is heavily wounded.
Edmund hits you but does no damage.
You closely miss Edmund.
Edmund is heavily wounded.
Edmund hits you with a +4 dire flail of holy wrath.
Edmund hits you with a +4 dire flail of holy wrath!
You closely miss Edmund.
Edmund is heavily wounded.
Edmund hits you with a +4 dire flail of holy wrath!
* * * LOW HITPOINT WARNING * * *
You feel very mighty all of a sudden. You block Edmund's attack.
You barely miss Edmund.
Edmund is heavily wounded.
Edmund hits you but does no damage.
You barely miss Edmund.
Edmund is heavily wounded.
Edmund hits you with a +4 dire flail of holy wrath!
* * * LOW HITPOINT WARNING * * *
You hit Edmund.
Edmund is heavily wounded.
Edmund hits you with a +4 dire flail of holy wrath!
You die...
Edmund says, "I'd like to see a scythe do that!"

#..###. #..
.........#..###. #..
.........#......
######.###........#....%.
#........#........#######
#........#§..............
#.....§§.§.§..........∩..
#...≈≈§§≈≈§≈≈............
#...§§§@@§§.§............
###.§.≈≈≈§§.≈............
#...≈§≈_.§≈§≈............
#..§≈.≈≈≈§§§≈.........###
##..≈..(..§.......##+##
#..≈≈≈≈≈≈≈≈§.....#
#.....≈....§≈§.§..#
#...≈.≈.≈≈≈.≈..§..#
§.≈§§O≈.≈.....#


You could see Edmund.

Vanquished Creatures
  2 iguanas (D:4)
  Robin (D:2)
  2 adders
  5 ribbon worms
  A dart slug (D:2)
  6 orcs
  6 ball pythons
  3 bats
  4 endoplasms
  6 giant cockroaches
  11 goblins
  10 hobgoblins
  6 jackals (D:3)
  3 quokkas
  2 frilled lizards (D:1)
  3 kobolds
  14 rats
85 creatures vanquished.

Notes
Turn   | Place    | Note
-------+----------+-------------------------------------------
     0 | D:1      | Marvel the Hill Orc Fighter began the quest for the Orb.
     0 | D:1      | Reached XP level 1. HP: 19/19 MP: 1/1
    72 | D:1      | Reached XP level 2. HP: 27/27 MP: 2/2
    86 | D:1      | Found Qaast's Book Shoppe.
   132 | D:1      | Reached skill level 3 in Axes
   229 | D:1      | Reached XP level 3. HP: 33/33 MP: 3/3
   362 | D:2      | Noticed Robin
   406 | D:2      | Killed Robin
   407 | D:2      | Reached skill level 4 in Axes
   407 | D:2      | Reached XP level 4. HP: 25/40 MP: 4/4
   909 | D:3      | Found a sparkling altar of Nemelex Xobeh.
  1090 | D:3      | Reached XP level 5. HP: 46/46 MP: 5/5
  1370 | D:4      | Reached skill level 5 in Axes
  1390 | D:4      | Found Rianad's Assorted Antiques.
  1411 | D:4      | Bought a runed cloak for 172 gold pieces
  1411 | D:4      | Bought a scroll labelled XATOAF OLLECW for 23 gold pieces
  1592 | D:4      | Found Zuewnogh's Magic Scroll Shop.
  1616 | D:4      | Found a bloodstained altar of Trog.
  1616 | D:4      | Noticed Edmund
  1616 | D:4      | Noticed an ogre
  1626 | D:4      | Found a glowing silver altar of Zin.
  1656 | D:4      | HP: 2/47 [Edmund/+4 dire flail of holy wrath (9)]
  1657 | D:4      | Mangled by Edmund

Illustrated notes

Levels and vault maps discovered:
D:1:      dpeg_arrival_ratfight, layout_rooms, serial_shops, shop
D:2:      layout_basic, uniq_robin
D:3:      layout_rooms, nemelex_xobeh_ov_fountains_minmay
D:4:      layout_gridville, mainiacjoe_overflow_catwalk_spiral, temple_hall,
          gammafunk_ghost_smash, serial_shops, nicolae_shop_tiny_waterfront,
          shop, nicolae_shop_just_a_little_nook, shop, hangedman_decor_push,
          minmay_misc_feat_iff, uniq_edmund

Skill      XL: |  1  2  3  4  5 |
---------------+----------------+-----
Axes           | 3 4 5 |  5.3
Armour         | 4 |  4.2
Fighting       | 4 |  4.3
Shields        | 4 |  4.0
Dodging        | |  0.4

Action                     |  1- 3 |  4- 6 || total
---------------------------+-------+-------++-------
  Melee: War axe           |    83 |   133 ||   216
  Throw: Dart              |       |     6 ||     6
    Use: Potion            |       |     1 ||     1
   Stab: Distracted        |       |     1 ||     1
 Armour: Scale mail        |    41 |    86 ||   127
  Dodge: Dodged            |    44 |    74 ||   118
  Block: Buckler           |    19 |    30 ||    49
